DBL
MINNESOTA TWINS @ MILWAUKEE CREAMS
04/29/1997
 
TOP OF THE 1ST
Minnesota Twins batting - Pitching for Milwaukee Creams : RHP Tommy Greene
Pitching: RHP Tommy Greene
Batting: LHB Darin Erstad 0-0: Ball
1-0: Swinging Strike
1-1: Foul Ball, location: 2F
1-2: Ball
2-2: Ball
3-2: Base on Balls
Batting: LHB Kal Daniels 0-0: Ball
Wild Pitch!
Darin Erstad to second
1-0: Ball
2-0: Ball
Wild Pitch!
Darin Erstad to third
3-0: Base on Balls
Batting: RHB Frank Thomas 0-0: Ball
1-0: Called Strike
1-1: Called Strike
1-2: Ball
2-2: Foul Ball, location: 2F
2-2: Foul Ball, location: 2F
2-2: Foul Ball, location: 2F
2-2: Ball
3-2: Ground out 4-3 (Groundball, 34, EV 105.6 MPH)
Darin Erstad scores
Kal Daniels to second
Batting: LHB Larry Walker 0-0: Foul Ball, location: 2F
0-1: Ball
1-1: Called Strike
1-2: Foul Ball, location: 2F
1-2: Strikes out swinging
Batting: RHB Koji Akiyama 0-0: Called Strike
0-1: Ball
1-1: Fly out, F9 (Flyball, 9S, EV 91.3 MPH)
Top of the 1st over - 1 run, 0 hits, 0 errors, 1 left on base; Minnesota 1 - Milwaukee 0
BOTTOM OF THE 1ST
Milwaukee Creams batting - Pitching for Minnesota Twins : RHP Pedro Astacio
Pitching: RHP Pedro Astacio
Batting: LHB Tom Goodwin 0-0: Called Strike
0-1: Ball
1-1: Bunt missed!
1-2: Ball
2-2: Fly out, F7 (Flyball, 7D, EV 101.3 MPH)
Batting: RHB Mark Loretta 0-0: Ball
1-0: Ground out 4-3 (Groundball, 4, EV 88.8 MPH)
Batting: SHB Chipper Jones 0-0: Ball
1-0: Foul Ball, location: 2F
1-1: Swinging Strike
1-2: DOUBLE (Line Drive, 5D, EV 94.4 MPH)
Batting: LHB Carlos Delgado 0-0: Swinging Strike
0-1: Swinging Strike
0-2: Ball
1-2: Strikes out looking
Bottom of the 1st over - 0 runs, 1 hit, 0 errors, 1 left on base; Minnesota 1 - Milwaukee 0
TOP OF THE 2ND
Minnesota Twins batting - Pitching for Milwaukee Creams : RHP Tommy Greene
Batting: SHB Brent Gates 0-0: Ball
1-0: Ground out 4-3 (Groundball, 4, EV 78.1 MPH)
Batting: RHB Mark Grudzielanek 0-0: DOUBLE (Groundball, 3L, EV 103.1 MPH) - OUT at third base trying to stretch hit.
Batting: RHB Eddie Perez 0-0: Called Strike
0-1: Ball
1-1: Ball
2-1: Called Strike
2-2: Strikes out looking
Top of the 2nd over - 0 runs, 1 hit, 0 errors, 0 left on base; Minnesota 1 - Milwaukee 0
BOTTOM OF THE 2ND
Milwaukee Creams batting - Pitching for Minnesota Twins : RHP Pedro Astacio
Batting: SHB Jorge Posada 0-0: Ball
1-0: Ball
2-0: Ball
3-0: Base on Balls
Batting: SHB Ken Caminiti 0-0: Ball
1-0: Foul Ball, location: 2F
1-1: Foul Ball, location: 2F
1-2: Ball
2-2: Ball
3-2: Base on Balls
Jorge Posada to second
Batting: LHB John Elway 0-0: Called Strike
0-1: Fly out, F8 (Line Drive, 8RS, EV 103.1 MPH)
Batting: SHB Gerald Young 0-0: Called Strike
0-1: Ball
1-1: Ball
2-1: Ball
3-1: Fielders Choice at 2nd, 4-6 (Groundball, 4, EV 83.1 MPH)
Jorge Posada to third
Batting: RHB Rey Sanchez 0-0: Called Strike
0-1: Ball
1-1: Ball
2-1: Ball
3-1: Swinging Strike
3-2: Foul Ball, location: 2F
3-2: Ground out 1-3 (Groundball, 13, EV 76.3 MPH)
Bottom of the 2nd over - 0 runs, 0 hits, 0 errors, 2 left on base; Minnesota 1 - Milwaukee 0
TOP OF THE 3RD
Minnesota Twins batting - Pitching for Milwaukee Creams : RHP Tommy Greene
Batting: RHB Rey Ordonez 0-0: Ball
1-0: Ball
2-0: Ball
3-0: Called Strike
3-1: Fly out, F6 (Line Drive, 6, EV 68.1 MPH)
Batting: LHB Darin Erstad 0-0: SINGLE (Flyball, 7S, EV 86.9 MPH)
Batting: LHB Kal Daniels 0-0: Ball
1-0: Called Strike
1-1: Ball
2-1: 2-RUN HOME RUN (Flyball, 89XD, EV 96.9 MPH), Distance : 445 ft
Batting: RHB Frank Thomas 0-0: Ball
1-0: Ball
2-0: Ball
3-0: Called Strike
3-1: Called Strike
3-2: Base on Balls
Batting: LHB Larry Walker 0-0: Foul Ball, location: 2F
0-1: Ball
1-1: Foul Ball, location: 2F
1-2: Foul Ball, location: 2F
1-2: Strikes out looking
Batting: RHB Koji Akiyama 0-0: Fly out, F1 (Line Drive, P, EV 67.5 MPH)
Top of the 3rd over - 2 runs, 2 hits, 0 errors, 1 left on base; Minnesota 3 - Milwaukee 0
BOTTOM OF THE 3RD
Milwaukee Creams batting - Pitching for Minnesota Twins : RHP Pedro Astacio
Batting: LHB Tom Goodwin 0-0: Ball
1-0: Called Strike
1-1: Ball
2-1: Ground out U3 (Groundball, 3, EV 95.6 MPH)
Batting: RHB Mark Loretta 0-0: Ball
1-0: Called Strike
1-1: Ball
2-1: Fly out, F8 (Flyball, 8RD, EV 109.4 MPH)
Batting: SHB Chipper Jones 0-0: Ball
1-0: SOLO HOME RUN (Flyball, 8LXD, EV 92.5 MPH), Distance : 416 ft
Batting: LHB Carlos Delgado 0-0: Called Strike
0-1: Ground out 4-3 (Groundball, 4S, EV 89.4 MPH)
Bottom of the 3rd over - 1 run, 1 hit, 0 errors, 0 left on base; Minnesota 3 - Milwaukee 1
TOP OF THE 4TH
Minnesota Twins batting - Pitching for Milwaukee Creams : RHP Tommy Greene
Batting: SHB Brent Gates 0-0: Swinging Strike
0-1: Ball
1-1: Swinging Strike
1-2: Foul Ball, location: 2F
1-2: Strikes out swinging
Batting: RHB Mark Grudzielanek 0-0: Ball
1-0: Called Strike
1-1: Ball
2-1: Ball
3-1: Swinging Strike
3-2: Fly out, F7 (Line Drive, 7D, EV 95.6 MPH)
Batting: RHB Eddie Perez 0-0: Called Strike
0-1: Ball
1-1: Ball
2-1: Ball
3-1: Base on Balls
Batting: RHB Rey Ordonez 0-0: Ball
1-0: Fly out, F8 (Line Drive, 8RD, EV 102.5 MPH)
Top of the 4th over - 0 runs, 0 hits, 0 errors, 1 left on base; Minnesota 3 - Milwaukee 1
BOTTOM OF THE 4TH
Milwaukee Creams batting - Pitching for Minnesota Twins : RHP Pedro Astacio
Batting: SHB Jorge Posada 0-0: Called Strike
0-1: Ball
1-1: Called Strike
1-2: Foul Ball, location: 2F
1-2: Ball
2-2: Ball
3-2: Strikes out looking
Batting: SHB Ken Caminiti 0-0: Ball
1-0: Swinging Strike
1-1: Fly out, F7 (Flyball, 78S, EV 82.5 MPH)
Batting: LHB John Elway 0-0: Ball
1-0: Ground out 3-1 (Groundball, 34, EV 105.6 MPH)
Bottom of the 4th over - 0 runs, 0 hits, 0 errors, 0 left on base; Minnesota 3 - Milwaukee 1
TOP OF THE 5TH
Minnesota Twins batting - Pitching for Milwaukee Creams : RHP Tommy Greene
Batting: LHB Darin Erstad 0-0: Called Strike
0-1: Fly out, F7 (Line Drive, 7D, EV 93.8 MPH)
Batting: LHB Kal Daniels 0-0: Swinging Strike
0-1: Foul Ball, location: 2F
0-2: SINGLE (Groundball, 4MD, EV 98.1 MPH)
Batting: RHB Frank Thomas 0-0: Called Strike
0-1: Called Strike
Kal Daniels steals 2nd base
0-2: 2-RUN HOME RUN (Flyball, 7LD, EV 109.4 MPH), Distance : 334 ft
Batting: LHB Larry Walker 0-0: Ball
1-0: Called Strike
1-1: Ball
2-1: Swinging Strike
2-2: Ball
3-2: Strikes out looking
Batting: RHB Koji Akiyama 0-0: Foul Ball, location: 2F
0-1: Ball
1-1: Ball
2-1: Foul Ball, location: 2F
2-2: Fly out, F8 (Flyball, 8RM, EV 80.0 MPH)
Top of the 5th over - 2 runs, 2 hits, 0 errors, 0 left on base; Minnesota 5 - Milwaukee 1
BOTTOM OF THE 5TH
Milwaukee Creams batting - Pitching for Minnesota Twins : RHP Pedro Astacio
Batting: SHB Gerald Young 0-0: Ball
1-0: Foul Ball, location: 2F
1-1: Foul Ball, location: 2F
1-2: Strikes out swinging
Batting: RHB Rey Sanchez 0-0: Ball
1-0: Fly out, F6 (Line Drive, 6, EV 70.0 MPH)
Batting: LHB Tom Goodwin 0-0: Foul Ball, location: 2F
0-1: Called Strike
0-2: Foul Ball, location: 2F
0-2: Fly out, F9 (Flyball, 9LS, EV 93.8 MPH)
Bottom of the 5th over - 0 runs, 0 hits, 0 errors, 0 left on base; Minnesota 5 - Milwaukee 1
TOP OF THE 6TH
Minnesota Twins batting - Pitching for Milwaukee Creams : RHP Tommy Greene
Batting: SHB Brent Gates 0-0: Ball
1-0: Called Strike
1-1: Foul Ball, location: 2F
1-2: Foul Ball, location: 2F
1-2: Strikes out swinging
Batting: RHB Mark Grudzielanek 0-0: Foul Ball, location: 2F
0-1: Called Strike
0-2: Ball
1-2: Foul Ball, location: 2F
1-2: Ball
2-2: Fly out, F3 (Popup, 3F, EV 61.3 MPH)
Batting: RHB Eddie Perez 0-0: Foul Ball, location: 2F
0-1: SINGLE (Line Drive, 34D, EV 94.4 MPH)
Batting: RHB Rey Ordonez 0-0: Called Strike
0-1: Fly out, F7 (Flyball, 7LS, EV 71.9 MPH)
Top of the 6th over - 0 runs, 1 hit, 0 errors, 1 left on base; Minnesota 5 - Milwaukee 1
BOTTOM OF THE 6TH
Milwaukee Creams batting - Pitching for Minnesota Twins : RHP Pedro Astacio
Batting: RHB Mark Loretta 0-0: Called Strike
0-1: Ball
1-1: Fly out, F8 (Flyball, 8LD, EV 101.9 MPH)
Batting: SHB Chipper Jones 0-0: Ball
1-0: Ball
2-0: Ball
3-0: Base on Balls
Batting: LHB Carlos Delgado 0-0: Ball
1-0: Ball
2-0: Ball
3-0: Called Strike
3-1: Fly out, F7 (Flyball, 7D, EV 105.6 MPH)
Batting: SHB Jorge Posada 0-0: Ball
1-0: Foul Ball, location: 2F
1-1: Called Strike
1-2: SINGLE (Line Drive, 9S, EV 107.5 MPH)
Chipper Jones to second
Batting: SHB Ken Caminiti 0-0: Ball
1-0: Called Strike
1-1: Ball
2-1: Foul Ball, location: 2F
2-2: Foul Ball, location: 2F
2-2: SINGLE (Flyball, 9LS, EV 90.0 MPH)
Chipper Jones to third
Jorge Posada to second
Batting: LHB John Elway 0-0: GRAND SLAM HOME RUN (Flyball, 89XD, EV 106.9 MPH), Distance : 411 ft
Pitching: RHP Doug Piatt
Batting: SHB Gerald Young 0-0: Ball
1-0: Called Strike
1-1: SINGLE (Flyball, 5D, EV 90.0 MPH)
Batting: RHB Rey Sanchez 0-0: Ball
1-0: Foul Ball, location: 2F
1-1: Ground out 1-3 (Groundball, 15S, EV 67.5 MPH)
Bottom of the 6th over - 4 runs, 4 hits, 0 errors, 1 left on base; Minnesota 5 - Milwaukee 5
TOP OF THE 7TH
Minnesota Twins batting - Pitching for Milwaukee Creams : RHP Tommy Greene
Batting: LHB Darin Erstad 0-0: Ball
1-0: Ball
2-0: Ball
3-0: Base on Balls
Pitching: RHP Wes Gardner
Batting: LHB Kal Daniels 0-0: Called Strike
0-1: Ball
1-1: Swinging Strike
1-2: Ball
2-2: Fielders Choice at 2nd, 6-4 (Groundball, 56, EV 87.5 MPH)
Batting: RHB Frank Thomas 0-0: Ball
1-0: Foul Ball, location: 2F
1-1: Ball
2-1: Grounds into double play, 6-4-3 (Groundball, 6, EV 100.0 MPH)
Top of the 7th over - 0 runs, 0 hits, 0 errors, 0 left on base; Minnesota 5 - Milwaukee 5
BOTTOM OF THE 7TH
Milwaukee Creams batting - Pitching for Minnesota Twins : RHP Doug Piatt
Batting: LHB Tom Goodwin 0-0: Fly out, F7 (Flyball, 7LSF, EV 85.0 MPH)
Batting: RHB Mark Loretta 0-0: Swinging Strike
0-1: Ball
1-1: Ground out 1-3 (Groundball, 34S, EV 88.1 MPH)
Batting: SHB Chipper Jones 0-0: Ball
1-0: Ball
2-0: Foul Ball, location: 2F
2-1: Ball
3-1: Foul Ball, location: 2F
3-2: Ground out 6-3 (Groundball, 6, EV 88.1 MPH)
Bottom of the 7th over - 0 runs, 0 hits, 0 errors, 0 left on base; Minnesota 5 - Milwaukee 5
TOP OF THE 8TH
Minnesota Twins batting - Pitching for Milwaukee Creams : RHP Wes Gardner
Pitching: LHP Rob Murphy
Batting: LHB Larry Walker 0-0: Foul Ball, location: 2F
0-1: Fly out, F7 (Flyball, 7, EV 82.5 MPH)
Batting: RHB Koji Akiyama 0-0: Ball
1-0: Ball
2-0: Foul Ball, location: 2F
2-1: Ball
3-1: Base on Balls
Batting: SHB Brent Gates 0-0: Ball
Koji Akiyama steals 2nd base
1-0: Ball
Koji Akiyama is caught stealing 3rd base 2-5
2-0: Called Strike
2-1: SINGLE (Line Drive, 4D, EV 105.0 MPH)
Batting: RHB Mark Grudzielanek 0-0: Ground out 4-3 (Groundball, 34, EV 99.4 MPH)
Top of the 8th over - 0 runs, 1 hit, 0 errors, 1 left on base; Minnesota 5 - Milwaukee 5
BOTTOM OF THE 8TH
Milwaukee Creams batting - Pitching for Minnesota Twins : RHP Doug Piatt
Batting: LHB Carlos Delgado 0-0: Foul Ball, location: 2F
0-1: Called Strike
0-2: Strikes out swinging
Batting: SHB Jorge Posada 0-0: Called Strike
0-1: Ground out 4-3 (Groundball, 34D, EV 111.3 MPH)
Batting: SHB Ken Caminiti 0-0: Ball
1-0: Called Strike
1-1: SINGLE (Line Drive, 78S, EV 90.0 MPH)
Batting: LHB John Elway 0-0: Called Strike
0-1: Ball
1-1: Foul Ball, location: 2F
1-2: Strikes out swinging
Bottom of the 8th over - 0 runs, 1 hit, 0 errors, 1 left on base; Minnesota 5 - Milwaukee 5
TOP OF THE 9TH
Minnesota Twins batting - Pitching for Milwaukee Creams : LHP Rob Murphy
Batting: RHB Eddie Perez 0-0: SINGLE (Groundball, 6MD, EV 103.8 MPH)
Batting: RHB Rey Ordonez 0-0: Bunt missed!
0-1: Bunted foul
0-2: SINGLE (Groundball, 56D, EV 98.8 MPH)
Eddie Perez to second
Pitching: RHP Billy Taylor
Batting: LHB Darin Erstad 0-0: SINGLE (Groundball, 34D, EV 108.8 MPH)
Eddie Perez to third
Rey Ordonez to second
Batting: LHB Kal Daniels 0-0: Ball
1-0: Ball
2-0: Foul Ball, location: 2F
2-1: Ball
3-1: Base on Balls
Eddie Perez scores
Rey Ordonez to third
Darin Erstad to second
Batting: RHB Frank Thomas 0-0: Ball
1-0: DOUBLE (Line Drive, 78XD, EV 103.1 MPH)
Rey Ordonez scores
Darin Erstad scores
Kal Daniels to third
Runner from 3rd tries for Home, SAFE, no throw by CF
Batting: LHB Larry Walker 0-0: Intentional Walk
Batting: RHB Koji Akiyama 0-0: Ball
1-0: Called Strike
1-1: Foul Ball, location: 2F
1-2: Ball
2-2: Foul Ball, location: 2F
2-2: Foul Ball, location: 2F
2-2: Strikes out swinging
Batting: SHB Brent Gates 0-0: Ball
1-0: Ball
2-0: Foul Ball, location: 2F
2-1: Swinging Strike
2-2: Ball
3-2: Foul Ball, location: 2F
3-2: Foul Ball, location: 2F
3-2: Grounds into double play, 6-4-3 (Groundball, 6M, EV 103.1 MPH)
Top of the 9th over - 4 runs, 4 hits, 0 errors, 1 left on base; Minnesota 9 - Milwaukee 5
BOTTOM OF THE 9TH
Milwaukee Creams batting - Pitching for Minnesota Twins : RHP Doug Piatt
Batting: SHB Gerald Young 0-0: Ground out 3-1 (Groundball, 34, EV 100.6 MPH)
Batting: RHB Rey Sanchez 0-0: Called Strike
0-1: Ball
1-1: Reached on error, E4 (Groundball, 4, EV 108.1 MPH)
Pitching: RHP Bob Ayrault
Batting: LHB Tom Goodwin 0-0: Ball
1-0: Ball
2-0: Bunt missed!
2-1: Swinging Strike
2-2: SINGLE (Groundball, 3, EV 87.5 MPH) (infield hit)
Rey Sanchez to second
Batting: RHB Mark Loretta 0-0: Swinging Strike
0-1: Ball
1-1: Ball
2-1: Swinging Strike
2-2: DOUBLE (Line Drive, 89M, EV 108.1 MPH)
Rey Sanchez scores
Tom Goodwin to third
Batting: SHB Chipper Jones 0-0: 3-RUN HOME RUN (Flyball, 78XD, EV 101.3 MPH), Distance : 383 ft
Pitching: LHP Gene Walter
Batting: LHB Carlos Delgado 0-0: Called Strike
0-1: Called Strike
0-2: Ball
1-2: Fly out, F8 (Flyball, 8RM, EV 86.3 MPH)
Batting: SHB Jorge Posada 0-0: Ground out 6-3 (Groundball, 6, EV 79.4 MPH)
Bottom of the 9th over - 4 runs, 3 hits, 1 error, 0 left on base; Minnesota 9 - Milwaukee 9
TOP OF THE 10TH
Minnesota Twins batting - Pitching for Milwaukee Creams : RHP Billy Taylor
Batting: RHB Mark Grudzielanek 0-0: SINGLE (Groundball, 4MD, EV 101.9 MPH)
Pitching: RHP Steve Bedrosian
Batting: RHB Eddie Perez 0-0: SINGLE (Groundball, 3D, EV 102.5 MPH)
Mark Grudzielanek to second
Runner from 2nd tries for 3rd, SAFE, throw by RF made to third
Pinch Hitting: LHB Jeff Stone 0-0: Ball
1-0: Fly out, F7 (Flyball, 7LM, EV 88.8 MPH)
Runner from 3rd tags up, OUT at HOME! 7-2
Eddie Perez to second
Batting: LHB Darin Erstad 0-0: 2-RUN HOME RUN (Flyball, 9D, EV 96.9 MPH), Distance : 369 ft
Batting: LHB Kal Daniels 0-0: Called Strike
0-1: Fly out, F5 (Popup, 5S, EV 85.0 MPH)
Top of the 10th over - 2 runs, 3 hits, 0 errors, 0 left on base; Minnesota 11 - Milwaukee 9
BOTTOM OF THE 10TH
Milwaukee Creams batting - Pitching for Minnesota Twins : LHP Gene Walter
Now at 3B: Kevin Seitzer
Batting: SHB Ken Caminiti 0-0: Ball
1-0: Called Strike
1-1: Swinging Strike
1-2: Ball
2-2: Strikes out swinging
Batting: LHB John Elway 0-0: Ball
1-0: Foul Ball, location: 2F
1-1: Ball
2-1: Foul Ball, location: 2F
2-2: SINGLE (Groundball, 3S, EV 70.6 MPH) (infield hit)
Batting: SHB Gerald Young 0-0: Ball
1-0: Called Strike
1-1: Swinging Strike
1-2: Strikes out swinging
Batting: RHB Rey Sanchez 0-0: Ball
1-0: Foul Ball, location: 2F
1-1: Ball
2-1: Called Strike
2-2: Strikes out swinging
Bottom of the 10th over - 0 runs, 1 hit, 0 errors, 1 left on base; Minnesota 11 - Milwaukee 9
Tuesday, February 3rd, 2026 - OOTP Baseball 20.8 Build 74